AoeStats
← Maty

Arabia

505465192Analyzed
1v1 RM · 22d ago on Sep 9, 2026· 35m 53s· 2 players
Game mode
Random Map
Map size
Tiny (2 player)
Population
200
Speed
Normal
Resources
Standard
Victory
Conquest
Starting age
Dark Age
Ending age
Imperial Age
RankedLock teamsTeams togetherTeam positionsShared explorationLock speedFull tech treeHidden civsTurbo modeCheats
Victory
Defeat
🇦🇷 Saracens · Argentina
1824
+19
🇪🇨 Malians · Ecuador
1892
-19
DGHIR | El Docente
6:29 Loom
6:33 Loom
9:19 Feudal Age
11:55 Double-Bit Axe
15:57 Town Watch
19:55 Castle Age
18:16 Fletching
18:46 Gold Mining
19:12 Horse Collar
20:32 Bodkin Arrow
20:03 Crossbowman
21:08 Bow Saw
21:41 Padded Archer Armor
25:48 Wheelbarrow
27:20 Heavy Plow
29:02 Elite Skirmisher
31:02 Leather Archer Armor
31:31 Ballistics
31:48 Hand Cart
35:45 Imperial Age
34:55 Gold Shaft Mining
36:28 Bracer
Maty
7:48 Loom
10:25 Feudal Age
10:34 Man-at-Arms
12:27 Double-Bit Axe
16:43 Town Watch
19:57 Castle Age
18:36 Gold Mining
18:27 Horse Collar
19:10 Fletching
20:00 Crossbowman
20:36 Bodkin Arrow
22:23 Ballistics
22:44 Padded Archer Armor
23:35 Bow Saw
23:47 Leather Archer Armor
30:16 Guard Tower
35:31 Wheelbarrow
36:54 Wheelbarrow
Connection lost

Rejoining the realm…

Still unreachable

The connection could not be restored.

Session expired

The server has moved on; the page needs a fresh start.